 Dungeon Crawl Stone Soup version 0.31-a0-826-ga5cc291a1b (webtiles) character file.

Game seed: 10890917133677036857

644 qw the Skirmisher (level 7, -1/44 HPs)
             Began as a Gargoyle Hunter on Sept 23, 2023.
             Killed by divine providence
             ... invoked by an orc priest
              (17 damage)
             ... on level 5 of the Dungeon.
             The game lasted 00:01:26 (3130 turns).

qw the Skirmisher (Gargoyle Hunter)                 Turns: 3130, Time: 00:01:26

Health: -1/44      AC: 11    Str: 15    XL:     7   Next: 52%
Magic:  7/7        EV: 11    Int:  9    God:
Gold:   185        SH:  5    Dex: 15    Spells: 6/6 levels left

rFire   . . .        Y - +1 triple crossbow
rCold   . . .        (shield currently unavailable)
rNeg    + . .        i - +0 ring mail
rPois   inf          (no helmet)
rElec   +            b - +0 cloak
rCorr   .            (no gloves)
SInv    .            (no boots)
Will    .....        d - amulet of reflection
Stlth   +            (no ring)
HPRegen 0.27/turn    (no ring)
MPRegen 0.10/turn

%: reflection
@: no status effects
A: sickness immunity, AC +4, negative energy resistance 1, electricity
resistance, torment resistance 1, petrification resistance
a: no special abilities


You were on level 5 of the Dungeon.
You visited 1 branch of the dungeon, and saw 6 of its levels.

You collected 255 gold pieces.
You spent 70 gold pieces at shops.


Innate Abilities, Weirdness & Mutations

You are immune to sickness and miasma.
Your stone body is resilient. (AC +4)
You are immune to poison.
You resist negative energy. (rN+)
You are resistant to electric shocks. (rElec)
You are resistant to unholy torment.
You are immune to petrification.


   Skills:
 + Level 4.6 Fighting
 - Level 8.0 Ranged Weapons
 - Level 1.0 Armour
 - Level 1.5 Dodging
 - Level 1.1 Stealth


You had 6 spell levels left.
You didn't know any spells.
Your spell library was empty.

Inventory:

Hand Weapons
 Y - a +1 triple crossbow (weapon)
Armour
 b - a +0 cloak (worn)
 i - a +0 ring mail (worn)
Jewellery
 d - an amulet of reflection (around neck)
Scrolls
 a - 3 scrolls of identify
 l - a scroll of teleportation
Potions
 c - 3 potions of curing
 e - a potion of mutation {unknown}
 f - a potion of berserk rage {unknown}
 g - 2 potions of enlightenment
 h - a potion of haste {unknown}
 j - a potion of magic {unknown}
 k - a potion of heal wounds
 m - 2 potions of brilliance {unknown}

Dungeon Overview and Level Annotations

Branches:
Dungeon (6/15)
 Temple: D:4-7

Altars:
Zin

Shops:
D:3 !


Message History

Enter note:
Enter note:
Enter note:
Enter note: You shoot a bolt.
The bolt closely misses the phantom.
You shoot a bolt. The bolt hits the phantom!
The phantom is heavily damaged.
You shoot a bolt. The bolt barely misses the phantom.
The phantom hits you but does no damage.
The phantom hits you.
The phantom blinks!
You blink.
You shoot a bolt. The bolt hits the phantom!!
You destroy the phantom!
You start resting.
HP restored.
a - 2 scrolls of identify (gained 1)
Found a stone staircase leading down.
Found a long sword.
You now have 185 gold pieces (gained 13).
a - 3 scrolls of identify (gained 1)
An orc comes into view. It is wielding a +0 dagger of speed.
The orc shouts!
You hear a shout!
An orc comes into view. It is wielding a +0 hand axe.
You shoot a bolt. The bolt completely misses the orc.
An orc priest comes into view. It is wielding a +0 short sword.
An orc priest comes into view. It is wielding a +0 trident.
The orc priest begins to cast a cantrip, but forgets the words!
You shoot a bolt. The bolt hits the orc.
The orc is severely wounded.
The orc priest looks encouraged for a moment.
The orc priest invokes the aid of Beogh against you.
Beogh smites you!
You shoot a bolt. The bolt hits the orc!
You kill the orc!
The orc priest mumbles some strange prayers to Beogh against you.
Beogh smites you!
You shoot a bolt.
The bolt hits the orc but does no damage.
The orc priest calls down the wrath of Beogh upon you.
Beogh smites you!
You die...

######### #.......#
#.......# ######
#.......# #>...#####
#.......# #.........
#.......####.#.....##
#............#####.#
#...........## #.#
#...@....)..# #.#
###.#.......# #.##
.o.#.......# #...
........#+#+## ####
..o#o)..... # ##
#.####.## # .. ... #
.#. .#


You could see 2 orc priests and an orc.

Vanquished Creatures
  A phantom (D:5)
  2 scorpions (D:4)
  A hound (D:4)
  A jelly (D:4)
  An orc priest (D:4)
  5 iguanas
  An orc wizard (D:4)
  3 gnolls (D:3)
  6 adders
  An ufetubus (D:5)
  4 worms
  A dart slug (D:4)
  17 orcs
  11 ball pythons
  5 bats
  2 endoplasms
  3 giant cockroaches
  4 goblins
  6 hobgoblins
  10 jackals
  A quokka (D:3)
  A frilled lizard (D:2)
  4 kobolds
  5 rats (D:2)
96 creatures vanquished.

Notes
Turn   | Place    | Note
-------+----------+-------------------------------------------
     0 | D:1      | qw the Gargoyle Hunter began the quest for the Orb.
     0 | D:1      | Reached XP level 1. HP: 12/12 MP: 1/1
     0 | D:1      | 0 ||| qw: Version: 0.3-a-83-gcd0e7d8
     0 | D:1      | 0 ||| qw: Game counter: 1909
     0 | D:1      | 0 ||| qw: Melee chars always use a shield: true
     0 | D:1      | 0 ||| qw: God list: Okawaru
     0 | D:1      | 0 ||| qw: Allow faded altars: false
     0 | D:1      | 0 ||| qw: Do Orc after clearing Dungeon:15 true
     0 | D:1      | 0 ||| qw: Do second Lair branch before Depths: true
     0 | D:1      | 0 ||| qw: Lair rune preference: random
     0 | D:1      | 0 ||| qw: Goals: Normal
     0 | D:1      | 0 ||| PLANNING D:1-11
   172 | D:1      | Reached XP level 2. HP: 17/17 MP: 2/2
   583 | D:1      | 583 ||| UPGRADING to +0 ring mail.
   593 | D:1      | 593 ||| DROPPING +0 leather armour.
   594 | D:1      | 594 ||| READING 3 scrolls labelled TEOGOB PIPECW.
   595 | D:1      | 595 ||| READING scroll labelled BEWNEOXKUE.
   598 | D:1      | 598 ||| READING scroll labelled AWNUREO YTTA.
   699 | D:1      | 699 ||| READING scroll labelled PIANUT GOPOS.
   700 | D:1      | 700 ||| READING 3 scrolls labelled HOT CE USTOILI.
   701 | D:1      | 701 ||| READING 2 scrolls of identify.
   701 | D:1      | 701 ||| IDENTIFYING clear potion
   702 | D:1      | 702 ||| DROPPING scroll of butterflies.
   703 | D:1      | 703 ||| DROPPING 2 scrolls of fear.
   738 | D:2      | Reached skill level 1 in Armour
   738 | D:2      | 738 ||| FLEEEEING.
   739 | D:2      | 739 ||| FLEEEEING.
   740 | D:2      | 740 ||| FLEEEEING.
   741 | D:2      | 741 ||| FLEEEEING.
   742 | D:2      | 742 ||| FLEEEEING.
   746 | D:2      | 746 ||| STAIRDANCE
   778 | D:2      | Reached XP level 3. HP: 21/21 MP: 3/3
   784 | D:2      | 784 ||| SWAPPING to +0 triple crossbow.
   786 | D:2      | 786 ||| DROPPING +0 shortbow.
   840 | D:2      | Reached skill level 5 in Ranged Weapons
   975 | D:2      | Found a glowing silver altar of Zin.
  1087 | D:2      | Reached XP level 4. HP: 27/27 MP: 4/4
  1100 | D:2      | Found a faded altar of an unknown god.
  1110 | D:2      | Reached skill level 3 in Fighting
  1404 | D:2      | 1404 ||| UPGRADING to amulet of reflection.
  1409 | D:2      | 1409 ||| READING scroll labelled ROYSTY LOQAM.
  1632 | D:3      | Found Bogaick's Distillery.
  1663 | D:3      | 1663 ||| SHOPLISTING 3 potions of cancellation (336 gold,
                  | have 139).
  1663 | D:3      | 1663 ||| BUYING potion of enlightenment (70 gold).
  1663 | D:3      | Bought a potion of enlightenment for 70 gold pieces
  1663 | D:3      | 1663 ||| SHOPLISTING potion of enlightenment (70 gold, have
                  | 69).
  1663 | D:3      | 1663 ||| SHOPLISTING potion of heal wounds (70 gold, have
                  | 69).
  1676 | D:3      | 1676 ||| RETREEAATING.
  1679 | D:3      | 1679 ||| Stepping ~*~*~tactically~*~*~ (retreating).
  1680 | D:3      | 1680 ||| Stepping ~*~*~tactically~*~*~ (retreating).
  1681 | D:3      | 1681 ||| Stepping ~*~*~tactically~*~*~ (retreating).
  1684 | D:3      | Reached XP level 5. HP: 25/32 MP: 5/5
  1887 | D:3      | Reached skill level 6 in Ranged Weapons
  2082 | D:3      | 2082 ||| DRINKING 2 white potions.
  2083 | D:3      | 2083 ||| DRINKING 2 grey potions.
  2084 | D:3      | 2084 ||| READING 2 scrolls of identify.
  2084 | D:3      | 2084 ||| IDENTIFYING silvery potion
  2085 | D:3      | 2085 ||| DROPPING potion of attraction.
  2123 | D:4      | 2123 ||| STAIRDANCE
  2299 | D:4      | 2299 ||| DRINKING 4 potions of curing.
  2299 | D:4      | 2299 ||| (to cure confusion)
  2303 | D:4      | 2303 ||| FLEEEEING.
  2304 | D:4      | 2304 ||| FLEEEEING.
  2314 | D:4      | 2314 ||| FLEEEEING.
  2315 | D:4      | 2315 ||| FLEEEEING.
  2316 | D:4      | 2316 ||| FLEEEEING.
  2317 | D:4      | 2317 ||| FLEEEEING.
  2318 | D:4      | 2318 ||| FLEEEEING.
  2319 | D:4      | 2319 ||| FLEEEEING.
  2320 | D:4      | 2320 ||| FLEEEEING.
  2321 | D:4      | 2321 ||| FLEEEEING.
  2322 | D:4      | 2322 ||| FLEEEEING.
  2323 | D:4      | 2323 ||| FLEEEEING.
  2324 | D:4      | 2324 ||| FLEEEEING.
  2330 | D:4      | 2330 ||| FLEEEEING.
  2331 | D:4      | 2331 ||| FLEEEEING.
  2343 | D:4      | Reached XP level 6. HP: 23/38 MP: 6/6
  2344 | D:4      | 2344 ||| FLEEEEING.
  2345 | D:4      | 2345 ||| FLEEEEING.
  2346 | D:4      | 2346 ||| FLEEEEING.
  2347 | D:4      | 2347 ||| FLEEEEING.
  2348 | D:4      | 2348 ||| DRINKING 3 potions of curing.
  2348 | D:4      | 2348 ||| (to cure confusion)
  2403 | D:4      | 2403 ||| Invisibility monster not found???
  2433 | D:4      | Reached skill level 7 in Ranged Weapons
  2576 | D:4      | Reached XP level 7. HP: 41/43 MP: 7/7
  2877 | D:4      | 2877 ||| READING scroll labelled ZIEPTEG UKOXO.
  2878 | D:4      | 2878 ||| READING scroll labelled DOIHAU RYENTA.
  2879 | D:4      | 2879 ||| READING scroll labelled IJIER KUVIMU.
  2898 | D:5      | Entered Level 5 of the Dungeon
  2989 | D:5      | You fall into a shaft and drop 1 floor!
  3017 | D:6      | Reached skill level 8 in Ranged Weapons
  3024 | D:6      | 3024 ||| UPGRADING to +0 cloak.
  3130 | D:5      | Killed from afar by an orc priest

Levels and vault maps discovered:
D:1:      dpeg_arrival_pits, layout_basic
D:2:      layout_loops_ring, hellmonk_ecumenical_altar_dog_temple, basic_altar,
          minmay_shallow_snake_nest
D:3:      minmay_evil_eye, layout_loops_ring, serial_shops,
          nicolae_shop_just_a_little_nook
D:4:      layout_basic
D:5:      layout_basic, nicolae_shop_sticking_my_neck_out
D:6:      layout_basic

Skill      XL: |  1  2  3  4  5  6  7 |
---------------+----------------------+-----
Armour         | 1 |  1.0
Ranged Weapons | 5 6 7 8 |  8.0
Fighting       | 3 4 |  4.6
Dodging        | |  1.5
Stealth        | |  1.1

Action                     |  1- 3 |  4- 6 |  7- 9 || total
---------------------------+-------+-------+-------++-------
   Fire: Shortbow          |    55 |       |       ||    55
         Triple crossbow   |    39 |   185 |    28 ||   252
    Use: Scroll            |     6 |     2 |     3 ||    11
         Potion            |       |     4 |       ||     4
 Armour: Leather armour    |     7 |       |       ||     7
         Ring mail         |    37 |    96 |     4 ||   137
  Dodge: Dodged            |    37 |    86 |       ||   123
  Block: Other             |       |    30 |     1 ||    31

Table legend:
 A = Non-vault XP
 B = Vault XP
 C = Vault XP percentage of total XP
 D = Non-vault monster count
 E = Vault monster count
 F = Vault count percentage of total count
                 A         B        C        D         E       F
            +---------+---------+-------+---------+---------+-------
      Total |     889 |      31 |   3.4 |      85 |      11 |  11.5
            +---------+---------+-------+---------+---------+-------
        D:1 |      14 |       0 |   0.0 |       7 |       0 |   0.0
        D:2 |      70 |      29 |  29.3 |      24 |       9 |  27.3
        D:3 |      99 |       2 |   2.0 |      18 |       2 |  10.0
        D:4 |     513 |       0 |   0.0 |      29 |       0 |   0.0
        D:5 |     156 |       0 |   0.0 |       6 |       0 |   0.0
        D:6 |      37 |       0 |   0.0 |       1 |       0 |   0.0
            +---------+---------+-------+---------+---------+-------
